 Dungeon Crawl Stone Soup version 0.19.5 (webtiles) character file.

126 Gargoyl the Skirmisher (level 5, -8/46 HPs)
             Began as a Ghoul Abyssal Knight on Mar 8, 2017.
             Was a Believer of Lugonu.
             Mangled by an ogre
             ... wielding a +0 giant club
              (15 damage)
             ... on level 3 of the Dungeon.
             The game lasted 00:04:34 (1438 turns).

Gargoyl the Skirmisher (Ghoul Abyssal Knight)       Turns: 1438, Time: 00:04:34

Health: -8/46      AC: 14    Str: 16    XL:     5   Next: 10%
Magic:  15/15      EV:  4    Int:  7    God:    Lugonu [**....]
Gold:   106        SH:  8    Dex:  9    Spells: 0 memorised, 4 levels left

rFire  . . .     SeeInvis .     a - +1 hand axe
rCold  + . .     Gourm    .     p - +0 chain mail
rNeg   + + +     Faith    .     e - +1 shield
rPois  ∞         Spirit   .     q - +0 helmet
rElec  .         Reflect  .     (no cloak)
rCorr  .         Harm     .     (no gloves)
MR     .....                    (no boots)
Stlth  ..........               (no amulet)
                                g - +4 ring of protection
                                k - ring of magical power

@: rotting
A: rotting body, claws 1, carnivore 3, cold resistance 1, negative energy
resistance 3, slow regeneration 1, torment resistance, unbreathing
a: Depart the Abyss, Bend Space, Renounce Religion


You were on level 3 of the Dungeon.
You worshipped Lugonu.
Lugonu was pleased with you.
You were not hungry.

You visited 1 branch of the dungeon, and saw 3 of its levels.
You visited the Abyss 1 time.

You collected 106 gold pieces.

Inventory:

Hand Weapons
 a - a +1 hand axe (weapon)
Missiles
 h - 3 javelins (quivered)
Armour
 e - a +1 shield (worn)
 p - a +0 chain mail (worn)
 q - a +0 helmet (worn)
Jewellery
 g - a +4 ring of protection (right claw)
 k - a ring of magical power (left claw)
 s - an uncursed ring of see invisible {unknown}
Wands
 d - a wand of random effects (28/48)
Scrolls
 b - 2 scrolls of identify
 n - 3 scrolls of teleportation {unknown}
 t - a scroll of recharging {unknown}
Potions
 f - 3 potions of heal wounds {unknown}
 i - a potion of lignification {unknown}
 j - a potion of flight {unknown}
 o - a potion of degeneration {unknown}
 r - a potion of agility {unknown}
 u - a potion of ambrosia {unknown}
Comestibles
 c - 2 meat rations
 l - 12 chunks of flesh
 m - a beef jerky


   Skills:
 + Level 3.9 Fighting
 + Level 2.5 Axes
 * Level 3.0 Armour
 + Level 1.1 Dodging
 + Level 1.0 Shields
 * Level 2.7 Invocations


You had 4 spell levels left.
You didn't know any spells.

Dungeon Overview and Level Annotations

Branches:
Dungeon (3/15)

Altars:
Dithmenos


Innate Abilities, Weirdness & Mutations

Your body is rotting away.
You thrive on raw meat.
You are immune to poison.
You have sharp fingernails.
You are carnivorous and can eat meat at any time.
Your flesh is cold resistant. (rC+)
You are immune to negative energy. (rN+++)
You regenerate slowly when monsters are visible.
You are immune to unholy pain and torment.
You can survive without breathing.


Message History

The ogre is moderately wounded.
The ogre hits you with a giant club!
You completely miss the ogre.
The ogre is moderately wounded.
The ogre hits you with a giant club.
Your chain mail prevents you from hitting the ogre.
The ogre is moderately wounded.
You block the ogre's attack.
You closely miss the ogre.
The ogre is moderately wounded.
The ogre hits you with a giant club!
* * * LOW HITPOINT WARNING * * *
You hit the ogre.
The ogre is moderately wounded.
The ogre hits you with a giant club.
* * * LOW HITPOINT WARNING * * *
You hit the ogre.
The ogre is heavily wounded.
The ogre hits you with a giant club!
You die...

###### #....##
#.....### #........
#######....#
...........#
...........#
.......@...#
.......O...####
.........##...###..
.........+......... .
.........##...###....
.>...................
.......(.#.##########
...#######..# #..
♣§P♣.## ###♣..


You could see an ogre.

Vanquished Creatures
  Jessica (D:2)
  2 adders
  2 gnolls (D:3)
  An ooze (D:1)
  A worm (D:2)
  3 dart slugs
  A leopard gecko (D:2)
  3 bats
  A giant cockroach (D:2)
  5 goblins
  5 hobgoblins
  7 jackals
  4 kobolds
  4 quokkas
  2 frilled lizards
  5 rats
47 creatures vanquished.

Notes
Turn   | Place    | Note
-------+----------+-------------------------------------------
     0 | Abyss:1  | Gargoyl the Ghoul Abyssal Knight began the quest for the Orb.
     0 | Abyss:1  | Reached XP level 1. HP: 19/19 MP: 1/1
    28 | Abyss:2  | Noticed a large abomination
    80 | Abyss:2  | Noticed a large abomination
    80 | D:1      | Escaped the Abyss
   219 | D:1      | Reached XP level 2. HP: 26/26 MP: 2/2
   258 | D:1      | Reached * piety under Lugonu
   444 | D:1      | Reached XP level 3. HP: 29/31 MP: 3/3
   649 | D:2      | Reached skill level 1 in Dodging
   758 | D:2      | Found a faded altar of an unknown god.
   785 | D:2      | Noticed Jessica
   793 | D:2      | Killed Jessica
   793 | D:2      | Reached XP level 4. HP: 40/40 MP: 4/4
  1327 | D:3      | Found a shadowy altar of Dithmenos.
  1356 | D:3      | Reached skill level 1 in Shields
  1356 | D:3      | Reached XP level 5. HP: 46/46 MP: 6/6
  1374 | D:3      | Reached ** piety under Lugonu
  1420 | D:3      | Noticed an ogre
  1438 | D:3      | Mangled by an ogre

Skill      XL: |  1  2  3  4 |
---------------+-------------+-----
Armour         | 2 3 |  3.0
Axes           | 2 |  2.5
Dodging        | 1 |  1.1
Shields        | 1 |  1.0
Fighting       | |  3.9
Invocations    | |  2.7

Action                   |  1- 3 |  4- 6 || total
-------------------------+-------+-------++-------
Melee: Hand axe          |    75 |   126 ||   201
Throw: Javelin           |       |     1 ||     1
Invok: Depart the Abyss  |     1 |       ||     1
  Use: Scroll            |     5 |       ||     5
  Eat: Chunk             |     7 |    12 ||    19
Armor: Leather armour    |    24 |       ||    24
       Chain mail        |     5 |    98 ||   103
Dodge: Dodged            |    37 |    21 ||    58
Block: Shield            |    38 |    66 ||   104
